 Dungeon Crawl Stone Soup version 0.32-a0-12-g7fc57aa741 (webtiles) character file.

Game seed: 12764280744377096223

117701 MackTheKnife the Fencer (level 16, -2/88 HPs)
             Began as a Vine Stalker Fighter on Jan 13, 2024.
             Was the Champion of Okawaru.
             Succumbed to a redback's poison
             ... on level 2 of the Spider Nest on Jan 14, 2024.
             The game lasted 00:25:31 (18961 turns).

MackTheKnife the Fencer (Vine Stalker Fighter)     Turns: 18961, Time: 00:25:32

Health: -2/88      AC: 42    Str: 23    XL:     16   Next: 47%
Magic:  2/17       EV: 15    Int:  3    God:    Okawaru [******]
Gold:   968        SH: 10    Dex: 27    Spells: 15/15 levels left

rFire   + . .        a - +7 demon blade (vamp) {long}
rCold   . . .        L - +3 buckler {AC+3}
rNeg    . . .        T - +11 crystal plate armour "Naogomuy" {rF+ Str-2 Dex+7 Slay+3, rare=g}
rPois   .            o - +1 hat of Fimayboa {Will+ Str+2}
rElec   .            K - scarf {shadows}
rCorr   +            V - +2 pair of gloves of Annaycs {rCorr}
SInv    +            u - +1 pair of boots of Gycal {Rampage Will+ Stlth+}
Will    +++++        O - amulet of Oveguqufo {Regen+ Str+2 Int-5 Stlth+} Stlth
                     k - +5 ring of evasion
HPRegen 1.94/turn    P - ring of Ithrack {Will+ Slay+3 SInv}
MPRegen 0.15/turn

%: guardian spirit, rampage
@: lethally poisoned (-2 -> -35), studying Throwing
A: fangs 3, regeneration 1, magic shield, antimagic bite, no potion heal 2
a: Renounce Religion, Heroism, Finesse, Duel


You were on level 2 of the Spider Nest.
You worshipped Okawaru.
Okawaru was exalted by your worship.
You visited 4 branches of the dungeon, and saw 24 of its levels.
You also visited: Sewer and Gauntlet.

You collected 2163 gold pieces.
You spent 1195 gold pieces at shops.


Innate Abilities, Weirdness & Mutations

You have razor-sharp teeth.
Your natural rate of healing is unusually fast.
When hurt, damage is shared between your health and your magic reserves.
Your bite disrupts and absorbs the magic of your enemies.
Potions cannot restore your health.


   Skills:
 - Level 12.0 Fighting
 - Level 3.8(10.6) Short Blades
 - Level 15.2(15.4) Long Blades
 - Level 12.0 Armour
 + Level 9.7 Dodging
 - Level 6.0 Shields
 - Level 8.0 Evocations


You had 15 spell levels left.
You didn't know any spells.
Your spell library contained the following spells:

 Spells                   Type           Power      Damage    Failure   Level
 Apportation              Tloc           0%         N/A       100%        1
 Necrotise                Necr           0%         1d4       100%        1
 Sting                    Conj/Alch      0%         1d3       100%        1
 Cigotuvi's Dreadful Rot  Necr/Alch/Air  0%         N/A       100%        2
 Ozocubu's Armour         Ice            0%         N/A       100%        3
 Sigil of Binding         Hex            0%         N/A       100%        3
 Volatile Blastmotes      Fire/Tloc      0%         2d10      100%        3
 Dimensional Bullseye     Hex/Tloc       0%         N/A       100%        4
 Fulminant Prism          Conj/Alch      0%         3d5       100%        4
 Ignite Poison            Fire/Alch      0%         N/A       100%        4
 Iskenderun's Mystic Bla  Conj/Tloc      0%         2d3       100%        4
 Leda's Liquefaction      Alch/Erth      0%         N/A       100%        4
 Borgnjor's Vile Clutch   Necr/Erth      0%         N/A       100%        5
 Freezing Cloud           Conj/Ice/Air   0%         6-21      100%        5
 Metabolic Englaciation   Hex/Ice        0%         N/A       100%        5
 Bombard                  Conj/Erth      0%         9d1       100%        6
 Lehudib's Crystal Spear  Conj/Erth      0%         10d2      100%        8
 Shatter                  Erth           0%         3d5*      100%        9
 Summon Small Mammal      Summ           Unusable   N/A       N/A         1
 Call Canine Familiar     Summ           Unusable   N/A       N/A         3
 Animate Dead             Necr           Unusable   N/A       N/A         4
 Summon Blazeheart Golem  Fire/Summ      Unusable   N/A       N/A         4
 Death Channel            Necr           Unusable   N/A       N/A         6
 Sculpt Simulacrum        Ice/Alch       Unusable   N/A       N/A         6

Inventory:

Hand Weapons
 a - a +7 vampiric demon blade (weapon) {long}
   (Okawaru gifted it to you on level 3 of the Lair of Beasts)
Missiles
 v - 39 poisoned darts (quivered) {throwing}
 Q - 3 curare-tipped darts {=fthrowing}
Armour
 o - the +1 hat of Fimayboa (worn) {Will+ Str+2}
   (Okawaru gifted it to you on level 3 of the Lair of Beasts)

   Str+2:     It affects your strength (+2).
   Will+:     It increases your willpower.
 u - the +1 pair of boots of Gycal (worn) {Rampage Will+ Stlth+}
   (You acquired it on level 3 of the Lair of Beasts)

   Will+:     It increases your willpower.
   Rampage:   It bestows one free step when moving towards enemies.
   Stlth+:    It makes you more stealthy.
 K - a scarf of shadows (worn)
   (You found it on level 7 of the Dungeon)
 L - a +3 buckler of protection (worn)
   (You acquired it on level 9 of the Dungeon)
 T - the +11 crystal plate armour "Naogomuy" (worn) {rF+ Str-2 Dex+7 Slay+3, rare=g}
   (You acquired it on level 4 of the Dungeon)

   Str-2:     It affects your strength (-2).
   Dex+7:     It affects your dexterity (+7).
   Slay+3:    It affects your accuracy & damage with ranged weapons and melee
   (+3).
   rF+:       It protects you from fire.
 V - the +2 pair of gloves of Annaycs (worn) {rCorr}
   (You found it on level 5 of the Lair of Beasts)

   rCorr:     It protects you from acid and corrosion.
Jewellery
 i - the dreamshard necklace {Acrobat *Dream}
   (You found it in a Gauntlet)

   [amulet of the acrobat]

   *Dream:    It absorbs a single lethal wound into itself, holding its wearer
   just short of death and releasing dream-creatures to guard them.
   Acrobat:   It increases your evasion while moving and waiting.
 k - a +5 ring of evasion (left hand)
   (You found it on level 2 of the Dungeon)
 y - the ring of the Harvest {*Slow rPois MP+9 Int+6 SInv}
   (You took it off a minotaur in a Gauntlet)

   [ring of see invisible]

   Int+6:     It affects your intelligence (+6).
   rPois:     It protects you from poison MP+9: It affects your magic capacity
   (+9).
   SInv:      It lets you see invisible.
   *Slow:     It may slow you when you take damage.
 B - a ring of poison resistance
   (You found it on level 9 of the Dungeon)
 H - a ring of ice
   (You found it on level 7 of the Dungeon)
 O - the amulet of Oveguqufo (around neck) {Regen+ Str+2 Int-5 Stlth+}
   (You found it in a Gauntlet)

   [amulet of regeneration]

   Str+2:     It affects your strength (+2).
   Int-5:     It affects your intelligence (-5).
   Regen+:    It increases your rate of health regeneration.
   Stlth+:    It makes you more stealthy.
 P - the ring of Ithrack (right hand) {Will+ Slay+3 SInv}
   (You bought it in a shop on level 15 of the Dungeon)

   [ring of see invisible]

   Slay+3:    It affects your accuracy & damage with ranged weapons and melee
   (+3).
   Will+:     It increases your willpower.
   SInv:      It lets you see invisible.
Wands
 n - a wand of paralysis (34)
   (You found it on level 3 of the Dungeon)
 p - a wand of polymorph (11)
   (You found it on level 9 of the Dungeon)
 r - a wand of acid (4)
   (You found it on level 3 of the Dungeon)
 s - a wand of flame (12)
   (You found it on level 5 of the Lair of Beasts)
 D - a wand of roots (16)
   (You found it on level 6 of the Dungeon)
 G - a wand of mindburst (24)
   (You found it on level 6 of the Dungeon)
Scrolls
 c - a scroll of fear
 f - 4 scrolls of teleportation {@r4}
 g - 5 scrolls of blinking {!r}
 l - 5 scrolls of poison {!r}
 q - 4 scrolls of vulnerability {!r!r}
 t - 6 scrolls of revelation
 M - 3 scrolls of fog
 R - 2 scrolls of immolation {!r!r}
Potions
 b - 5 potions of curing {@q1}
 d - 7 potions of might
 e - 5 potions of attraction {!q}
 h - a potion of berserk rage {!q}
 j - 3 potions of enlightenment
 m - 3 potions of invisibility
 x - 2 potions of haste {@q3}
 C - a potion of degeneration {unknown}
 E - 3 potions of cancellation {unknown}
 F - 3 potions of brilliance {unknown}
 I - 3 potions of mutation {unknown}
 N - a potion of magic {unknown}
Miscellaneous
 z - a lightning rod (4/4)
   (You found it on level 14 of the Dungeon)
 S - a condenser vane
   (You found it in a Gauntlet)
 U - a phial of floods
   (You found it on level 12 of the Dungeon)

Dungeon Overview and Level Annotations

Branches:
Dungeon (15/15) Zot: 26100  Temple (0/1) D:5            Lair (5/5) D:11 Zot: 25468
 Shoals (0/4) Lair:2       Spider (2/4) Lair:2 Zot: 11825   Slime (0/5) Lair:5
    Orc (2/2) D:12 Zot: 10710     Elf (0/3) Orc:2        Vaults (0/5) D:14
 Depths (0/4) D:15          Sewer (visited)         Gauntlet (visited)

Altars:
Ashenzari
Dithmenos
Hepliaklqana
Makhleb
Okawaru
Qazlal
Sif Muna
Vehumet
Wu Jian
Xom
Jiyva

Shops:
D:15 =   Orc:1 (*   Orc:2 ?[([

Annotations:
D:3 3 runed translucent doors, seren's ghost, amateur OpSh

.s# $.....#.
.......##........#.
..?.#.........#....
................#...
...^#..............
#..^.............##
##......@.^........#^
#...<...#^..#...s....
##...(..........*....
#............○..Z...
#...#.........§.s.°#
##....^....^$○sZ....w
####....^...○..#....
##...#.#.s..# ...
#..##....s... ..


You could see a demonic crawler (asleep) and a jumping spider.


Message History

You closely miss the culicivora. You bite the culicivora.
You kill the culicivora!
Okawaru accepts your kill.
A freezing mist starts to gather...
A culicivora simulacrum comes into view.
A jumping spider comes into view.
A redback comes into view.
You slice the entropy weaver!! You bite the entropy weaver.
The entropy weaver's magic leaks into the air.
You drain its magic.
You feel invigorated.
The entropy weaver falters for a moment. 😎 MP[+1]
You hit the entropy weaver. You bite the entropy weaver.
The entropy weaver's magic leaks into the air.
You drain its magic.
You feel invigorated.
The redback simulacrum closely misses you. 😎 MP[+6]
You regained 6 mp, and now have 12/17 mp.
You slash the entropy weaver!
You bite the entropy weaver, but do no damage.
You block the redback simulacrum's attack.
You chop the entropy weaver into pieces!!!
You kill the entropy weaver!
Okawaru accepts your kill.
A freezing mist starts to gather...
An entropy weaver simulacrum comes into view.
Your life force feels restored.
You now have 88 max hp (+1).
You slash the redback simulacrum!
You block the redback simulacrum's attack. 😎 HP[+1]
Your hp is fully restored (88).
You slash the redback simulacrum! You bite the redback simulacrum.
You block the redback simulacrum's attack.
You block the redback's attack.
You hit the redback simulacrum. You bite the redback simulacrum.
You drain its power.
You feel invigorated. 😎 MP[+5]
Your mp is fully restored (17).
You slice the redback simulacrum!!
The jumping spider leaps!
A wolf spider comes into view.
The jumping spider leaps!
The redback bites you!
You are poisoned.
The redback poisons you! 😕 HP[-9] MP[-2]
You take 9 damage, and now have 79/88 hp.
You lost 2 mp, and now have 15/17 mp.
You slice the culicivora simulacrum!!
You feel very sick. 😕 HP[-3]
You take 3 damage, and now have 76/88 hp.
You closely miss the redback.
You feel sick.
The orb spider weaves a glowing orb of energy.
An orb of destruction comes into view. 😕 HP[-1]
You take 1 damage, and now have 75/88 hp.
You barely miss the redback.
You feel sick.
A torpor snail comes into view.
Being near the torpor snail leaves you feeling lethargic.
The entropy weaver simulacrum hits you but does no damage.
The entropy weaver simulacrum misses you.
The entropy weaver simulacrum hits you.
The entropy weaver simulacrum freezes you!
The entropy weaver simulacrum completely misses you. 😮 HP[-16] MP[-3]
You take 16 damage, and now have 59/88 hp.
You lost 3 mp, and now have 12/17 mp.
You slash the redback! Your bite misses the redback.
You feel very sick. The redback bites you.
You are more poisoned.
The redback poisons you! 😮 HP[-4] MP[-1]
You take 4 damage, and now have 55/88 hp.
You lost 1 mp, and now have 11/17 mp.
Unknown command.
You barely miss the redback. You bite the redback!
You kill the redback!
Okawaru accepts your kill.
A freezing mist starts to gather...
A redback simulacrum comes into view.
You feel very sick. The orb of destruction hits you!!!
* * * LOW HITPOINT WARNING * * *
The orb spider weaves a glowing orb of energy.
The entropy weaver simulacrum hits you but does no damage.
You block the entropy weaver simulacrum's attack. x2
The entropy weaver simulacrum barely misses you.
An orb of destruction comes into view. 😱 HP[-43] MP[-9]
You take 43 damage, and now have 12/88 hp.
MASSIVE DAMAGE!! (PAUSE)
You lost 9 mp, and now have 2/17 mp.
Unknown command.
Blink to where?
Press: ? - help, Dir - move target A demonic crawler comes into view.
As you read the scroll of blinking {!r}, it crumbles to dust.
You feel yourself speed up.
You feel like a meek peon again.
Your hands slow down.
You die...

Skill      XL: |  1  2  3  4  5  6  7  8  9 10 11 12 13 14 15 16 |
---------------+-------------------------------------------------+-----
Short Blades   | 2 3 |  3.8
Fighting       | 3 4 5 9 10 12 | 12.0
Long Blades    | 2 5 6 9 12 14 15 | 15.2
Armour         | 4 5 6 7 8 10 11 12 | 12.0
Shields        | 5 6 |  6.0
Evocations     | 4 8 |  8.0
Dodging        | 4 8 9 |  9.7

Action                     |  1- 3 |  4- 6 |  7- 9 | 10-12 | 13-15 | 16-18 || total
---------------------------+-------+-------+-------+-------+-------+-------++-------
  Melee: Rapier            |    80 |   120 |       |       |       |       ||   200
         Bite              |    23 |    53 |    93 |   220 |   343 |    76 ||   808
         Falchion          |       |    71 |   309 |   520 |     1 |       ||   901
         Demon blade       |       |       |       |       |   838 |   165 ||  1003
  Throw: Dart              |       |       |       |     5 |       |       ||     5
 Invoke: Heroism           |       |       |       |     1 |     2 |     1 ||     4
         Receive Weapon    |       |       |       |       |     1 |       ||     1
         Receive Armour    |       |       |       |       |     1 |       ||     1
         Finesse           |       |       |       |       |     1 |     1 ||     2
  Evoke: Wand              |       |     1 |       |     7 |       |       ||     8
         Condenser vane    |       |       |       |       |     1 |       ||     1
    Use: Scroll            |       |       |    10 |    10 |    13 |     3 ||    36
   Stab: Paralysed         |       |     2 |       |       |       |       ||     2
         Petrified         |       |       |       |       |     4 |       ||     4
         Petrifying        |       |       |       |       |     2 |       ||     2
 Armour: Scale mail        |    43 |    63 |       |       |       |       ||   106
         Quicksilver drago |       |    30 |    40 |       |       |       ||    70
         Crystal plate arm |       |       |    98 |   388 |   574 |    63 ||  1123
  Dodge: Dodged            |    27 |   159 |   144 |   153 |   413 |    68 ||   964
  Block: Buckler           |    18 |    43 |    70 |   176 |   306 |    59 ||   672

Levels and vault maps discovered:
D:1:      amcnicky_arrival_wind_blow, layout_basic, minmay_tripent
D:2:      layout_basic, serial_glass, glass_columns_b, glass_columns_c,
          glass_columns_b, glass_columns_b, glass_columns_a, glass_columns_a
D:3:      layout_basic, okawaru_ov_weapons_minmay,
          shapermc_ecumenical_altar_mp_urbaneastern, gammafunk_ghost_split,
          hangedman_abyss_or_decor_stabs
D:4:      layout_basic, nicolae_overflow_hidden_temple, portal_sewer_entry_e,
          uniq_edmund
D:5:      layout_basic, nicolae_overflow_crystal_walls,
          chequers_temple_overflow_statue_of_worship,
          minmay_temple_entry_statues_pillars
D:6:      layout_basic, minivault_26, uniq_prince_ribbit1, uniq_pikel
D:7:      layout_cave_pods, makhleb_altar_promises_db,
          gammafunk_temple_overflow_statue, dreamdust_gnoll_shepherd,
          uniq_duvessa
D:8:      layout_loops_ring
D:9:      layout_basic, mainiacjoe_overflow_small_starburst, uniq_maggie,
          uniq_psyche
D:10:     layout_roguey, grunt_qazlal_sundering
D:11:     layout_stronghold, erik_lair_island
D:12:     layout_loops_ring, kennysheep_orc_monster_closet_entryway
D:13:     layout_irregular_city
D:14:     layout_roguey, lightli_vaults_fourway_checkpoint, minmay_crystal_room,
          st_stairs_5
D:15:     hangedman_depths_entry_try_elsewhere_first, layout_loops_ring,
          serial_shops, shop_coins, uniq_josephine
Lair:1:   minmay_lair_venomous_thicket, layout_gridlike, gauntlet_entry_generic,
          serial_bayou_shore_a
Lair:2:   layout_loops_ring, minmay_shoals_entry_lonely_mermaid,
          hellmonk_spider_entry_not_the_bees, nicolae_quartered_pool_little,
          uniq_erica
Lair:3:   layout_long_grid, uniq_fannar, uniq_amaemon
Lair:4:   layout_cellular_growth, serial_bayou_pond_e,
          eino_small_chamber_without_monster, minivault_25,
          serial_bayou_shore_b, grunt_megastairs_4
Lair:5:   evilmike_catoblepas_cave, layout_gridlike,
          minmay_slime_entry_oklob_enclosed
Spider:1: layout_spider_delve
Spider:2: layout_spider_delve
Orc:1:    layout_caves, serial_shops, shop, nicolae_alphabet_shops,
          nicolae_orc_quarried_blocks, uniq_gastronok
Orc:2:    st_orc_open, layout_caves, uniq_urug, uniq_rupert

Notes
Turn   | Place    | Note
-------+----------+-------------------------------------------
     0 | D:1      | MackTheKnife the Vine Stalker Fighter began the quest for
                  | the Orb.
     0 | D:1      | Reached XP level 1. HP: 11/11 MP: 2/2
     0 | D:1      | magus.rc [v1.9.6]
   176 | D:1      | Reached skill level 2 in Short Blades
   194 | D:1      | You pick up a book of Winter and begin reading...
   194 | D:1      | You add the spells Ozocubu's Armour, Metabolic Englaciation
                  | and Sculpt Simulacrum to your library.
   213 | D:1      | Reached XP level 2. HP: 16/16 MP: 3/3
   263 | D:1      | Reached skill level 3 in Fighting
   723 | D:2      | Reached XP level 3. HP: 20/20 MP: 2/4
   867 | D:2      | Reached XP level 4. HP: 20/25 MP: 5/5
   894 | D:2      | Reached skill level 3 in Short Blades
  1038 | D:2      | You pick up a book of Callings and begin reading...
  1038 | D:2      | You add the spells Summon Small Mammal, Call Canine
                  | Familiar and Summon Blazeheart Golem to your library.
  1411 | D:3      | Reached skill level 4 in Fighting
  1429 | D:3      | Reached XP level 5. HP: 29/29 MP: 4/6
  1603 | D:3      | Found a runed translucent gate.
  1603 | D:3      | Found a runed translucent gate.
  1603 | D:3      | Found a runed translucent gate.
  1603 | D:3      | Noticed seren's ghost (amateur OpSh)
  1605 | D:3      | Noticed a centaur
  1704 | D:3      | Found an iron altar of Okawaru.
  1745 | D:3      | quicksilver dragon scales {rare}; a goblin corpse
  1746 | D:3      | p - quicksilver dragon scales {rare}
  1757 | D:3      | You finish putting on your quicksilver dragon scales
                  | {rare}.
  1820 | D:3      | Became a worshipper of Warmaster Okawaru
  1880 | D:3      | Reached XP level 6. HP: 29/29 MP: 7/7
  1881 | D:3      | Reached skill level 1 in Long Blades
  2082 | D:3      | Found a faded altar of an unknown god.
  2287 | D:4      | Reached skill level 5 in Fighting
  2287 | D:4      | Reached skill level 2 in Long Blades
  2516 | D:4      | Noticed Edmund
  2530 | D:4      | Killed Edmund
  2530 | D:4      | Reached * piety under Okawaru
  2531 | D:4      | Reached XP level 7. HP: 28/39 MP: 4/8
  2547 | D:4      | Found a shimmering altar of Xom.
  2588 | D:4      | Reached skill level 3 in Long Blades
  2645 | D:4      | Found a glowing drain.
  2652 | Sewer    | Entered a sewer
  2759 | Sewer    | Reached skill level 4 in Long Blades
  2821 | Sewer    | Reached ** piety under Okawaru
  2877 | Sewer    | Reached skill level 5 in Long Blades
  2877 | Sewer    | Gained mutation: You have razor-sharp teeth. [Vine Stalker
                  | growth]
  2877 | Sewer    | Reached XP level 8. HP: 44/44 MP: 9/9
  3422 | D:4      | Identified a scroll of acquirement
  3422 | D:4      | Acquired the +11 crystal plate armour "Naogomuy" {rF+ Str-2
                  | Dex+7 Slay+3}
  3423 | D:4      | a - the +11 crystal plate armour "Naogomuy" {rF+ Str-2
                  | Dex+7 Slay+3, rare=g}
  3429 | D:4      | You finish taking off your quicksilver dragon scales
                  | {rare}.
  3434 | D:4      | You finish putting on the +11 crystal plate armour
                  | "Naogomuy" {rF+ Str-2 Dex+7 Slay+3, rare=g}.
  3454 | D:5      | Entered Level 5 of the Dungeon
  3533 | D:5      | Found a hazy altar of Hepliaklqana.
  3663 | D:5      | Reached skill level 6 in Long Blades
  3710 | D:5      | Found a broken altar of Ashenzari.
  3712 | D:5      | Found an ornate altar of the Wu Jian Council.
  3741 | D:5      | Reached skill level 3 in Armour
  3878 | D:5      | Found a staircase to the Ecumenical Temple.
  4315 | D:6      | Reached skill level 4 in Armour
  4321 | D:6      | Reached XP level 9. HP: 44/48 MP: 10/10
  4365 | D:6      | Reached skill level 7 in Long Blades
  4372 | D:6      | Identified the +3 war axe of the Mushroom {spect, Str+5
                  | Dex-5}
  4411 | D:6      | Reached *** piety under Okawaru
  4437 | D:6      | Noticed Prince Ribbit
  4439 | D:6      | Killed Prince Ribbit
  4562 | D:6      | Reached skill level 5 in Armour
  4660 | D:6      | Reached skill level 8 in Long Blades
  4740 | D:6      | Noticed Pikel
  4745 | D:6      | Killed Pikel
  4745 | D:6      | Reached **** piety under Okawaru
  4746 | D:6      | Reached skill level 9 in Long Blades
  5349 | D:7      | Reached XP level 10. HP: 45/53 MP: 11/11
  5406 | D:7      | Reached skill level 10 in Long Blades
  5463 | D:7      | Noticed Dowan
  5463 | D:7      | Noticed Duvessa
  5473 | D:7      | Killed Dowan
  5492 | D:7      | Killed Duvessa
  5637 | D:7      | Found a burning altar of Makhleb.
  5637 | D:7      | Noticed an Executioner
  5640 | D:7      | Noticed an orange demon
  5640 | D:7      | Noticed an orange demon
  5853 | D:7      | You drop quicksilver dragon scales {rare}.
  5857 | D:7      | a +0 scale mail; quicksilver dragon scales {rare}
  5865 | D:7      | Found a shimmering blue altar of Sif Muna.
  5866 | D:7      | Found a shadowy altar of Dithmenos.
  5951 | D:7      | Reached ***** piety under Okawaru
  6176 | D:8      | Received a gift from Okawaru
  6177 | D:8      | Reached skill level 11 in Long Blades
  6920 | D:9      | Noticed Psyche
  6944 | D:9      | Killed Psyche
  7008 | D:9      | Reached skill level 6 in Armour
  7194 | D:9      | Found a radiant altar of Vehumet.
  7223 | D:9      | Acquired a +2 buckler of protection
  7289 | D:9      | Reached skill level 12 in Long Blades
  7289 | D:9      | Reached XP level 11. HP: 56/56 MP: 12/12
  7312 | D:9      | Noticed Maggie
  7324 | D:9      | Killed Maggie
  7439 | D:10     | Entered Level 10 of the Dungeon
  7546 | D:10     | Noticed a cyan ugly thing
  7551 | D:10     | Killed a cyan ugly thing
  7551 | D:10     | Received a gift from Okawaru
  7606 | D:10     | Reached skill level 7 in Armour
  7693 | D:10     | Found a stormy altar of Qazlal.
  7837 | D:10     | Identified the +3 robe "Finyrcha" {rF+}
  8456 | D:11     | Reached skill level 13 in Long Blades
  8467 | D:11     | Noticed a two-headed ogre
  8472 | D:11     | Killed a two-headed ogre
  8557 | D:11     | Received a gift from Okawaru
  8565 | D:11     | Found a staircase to the Lair.
  8602 | D:11     | You add the spells Cigotuvi's Dreadful Rot, Ignite Poison
                  | and Freezing Cloud to your library.
  9048 | Lair:1   | Entered Level 1 of the Lair of Beasts
  9087 | Lair:1   | Found a gate leading to a gauntlet.
  9095 | Gauntlet | Entered a Gauntlet
  9095 | Gauntlet | Found a transporter.
  9095 | Gauntlet | Found a runed translucent door.
  9096 | Gauntlet | Found a transporter.
  9097 | Gauntlet | Found a runed translucent door.
  9097 | Gauntlet | Noticed a catoblepas
  9098 | Gauntlet | Found a transporter.
  9098 | Gauntlet | Found a transporter.
  9101 | Gauntlet | Found a transporter.
  9136 | Gauntlet | Noticed a dire elephant
  9138 | Gauntlet | Found the dreamshard necklace {Acrobat *Dream}
  9140 | Gauntlet | Found a transporter.
  9151 | Gauntlet | Noticed a necromancer
  9151 | Gauntlet | Noticed a death yak
  9152 | Gauntlet | Found a transporter.
  9152 | Gauntlet | Noticed a death yak
  9153 | Gauntlet | Noticed a death yak
  9168 | Gauntlet | Found a transporter.
  9175 | Gauntlet | Noticed a hell beast
  9178 | Gauntlet | Found a transporter.
  9200 | Gauntlet | Found a transporter.
  9200 | Gauntlet | Found a transporter.
  9242 | Gauntlet | Found a transporter.
  9371 | Gauntlet | Killed a catoblepas
  9377 | Gauntlet | Reached skill level 14 in Long Blades
  9377 | Gauntlet | Identified the amulet of Oveguqufo {Regen+ Str+2 Int-5
                  | Stlth+}
  9410 | Gauntlet | Found a transporter.
  9426 | Gauntlet | Killed a dire elephant
  9439 | Gauntlet | Reached XP level 12. HP: 49/60 MP: 10/13
  9445 | Gauntlet | Received a gift from Okawaru
  9486 | Gauntlet | Killed a hell beast
  9493 | Gauntlet | Identified the ring "Fogag" {rF- Will+ rCorr Dex+2}
  9522 | Gauntlet | Identified the ring of the Harvest {*Slow rPois MP+9 Int+6
                  | SInv}
  9522 | Gauntlet | Noticed a minotaur
  9552 | Gauntlet | Killed a minotaur
  9553 | Gauntlet | Reached skill level 15 in Long Blades
  9577 | Gauntlet | You add the spells Leda's Liquefaction, Bombard, Lehudib's
                  | Crystal Spear and Shatter to your library.
  9577 | Gauntlet | Got Roxanne's Secrets of the Volcano
  9579 | Gauntlet | Identified the +2 robe of True Grit {Int+4}
  9881 | Lair:1   | Reached skill level 6 in Fighting
  9962 | Lair:1   | Received a gift from Okawaru
  9969 | Lair:1   | Reached skill level 7 in Fighting
 10308 | Lair:2   | Noticed an eight-headed hydra
 10315 | Lair:2   | Killed an 11-headed hydra
 10450 | Lair:2   | Reached skill level 8 in Fighting
 10490 | Lair:2   | Noticed a five-headed hydra
 10498 | Lair:2   | Killed a seven-headed hydra
 10556 | Lair:2   | You fall into a shaft and drop 1 floor!
 10586 | Lair:3   | Noticed Fannar
 10597 | Lair:3   | Killed Fannar
 10645 | Lair:3   | Reached skill level 9 in Fighting
 10695 | Lair:3   | Received a gift from Okawaru
 10718 | Lair:3   | Reached ****** piety under Okawaru
 10732 | Lair:3   | Reached XP level 13. HP: 61/72 MP: 14/14
 10735 | Lair:3   | Acquired a +2 antimagic demon blade
 10735 | Lair:3   | Received a gift from Okawaru
 10776 | Lair:3   | Acquired the +1 hat of Fimayboa {Will+ Str+2}
 10776 | Lair:3   | Received a gift from Okawaru
 10892 | Lair:3   | Acquired the +1 pair of boots of Gycal {Rampage Will+
                  | Stlth+}
 10903 | Lair:3   | Reached skill level 10 in Fighting
 11119 | Lair:3   | Noticed Amaemon
 11126 | Lair:3   | Killed Amaemon
 11626 | Lair:2   | Found a hole to the Spider Nest.
 11633 | Lair:2   | Reached skill level 3 in Shields
 11748 | Lair:2   | Noticed Erica
 11756 | Lair:2   | Killed Erica
 11756 | Lair:2   | Received a gift from Okawaru
 11854 | Lair:2   | Found a staircase to the Shoals.
 11872 | Lair:2   | Reached skill level 1 in Evocations
 12259 | Lair:4   | Reached skill level 2 in Evocations
 12261 | Lair:4   | Reached skill level 4 in Shields
 12365 | Lair:4   | Reached skill level 3 in Evocations
 12378 | Lair:4   | Reached skill level 8 in Armour
 12694 | Lair:4   | Reached skill level 5 in Shields
 12696 | Lair:4   | Received a gift from Okawaru
 12703 | Lair:4   | You pick up a book of Blasting and begin reading...
 12703 | Lair:4   | You add the spells Volatile Blastmotes, Fulminant Prism and
                  | Iskenderun's Mystic Blast to your library.
 12919 | Lair:5   | Entered Level 5 of the Lair of Beasts
 12945 | Lair:5   | Reached skill level 4 in Evocations
 13011 | Lair:5   | Reached XP level 14. HP: 77/77 MP: 15/15
 13055 | Lair:5   | Received a gift from Okawaru
 13056 | Lair:5   | Reached skill level 6 in Shields
 13071 | Lair:5   | Reached skill level 5 in Evocations
 13106 | Lair:5   | Reached skill level 9 in Armour
 13185 | Lair:5   | Reached skill level 6 in Evocations
 13203 | Lair:5   | Received a gift from Okawaru
 13261 | Lair:5   | You pick up a book of the Hunter and begin reading...
 13261 | Lair:5   | You add the spells Sigil of Binding and Dimensional
                  | Bullseye to your library.
 13279 | Lair:5   | Found the +3 salamander hide armour {Flames, rFlCloud rF++
                  | rC--}
 13291 | Lair:5   | Got an earthy gem with 157 turns to spare
 13298 | Lair:5   | Identified the +2 pair of gloves of Annaycs {rCorr}
 13457 | Lair:5   | Lost the earthy gem through the power of Zot.
 13547 | Lair:5   | Reached skill level 7 in Evocations
 13782 | Lair:5   | Found a viscous altar of Jiyva.
 13784 | Lair:5   | Found a staircase to the Slime Pits.
 14226 | D:12     | Reached skill level 10 in Armour
 14498 | D:12     | You pick up a book of Unlife and begin reading...
 14508 | D:12     | Found a staircase to the Orcish Mines.
 14585 | D:12     | Reached skill level 8 in Evocations
 14608 | D:12     | Reached skill level 1 in Dodging
 14760 | D:12     | Reached skill level 2 in Dodging
 14923 | Orc:1    | Entered Level 1 of the Orcish Mines
 14949 | Orc:1    | Noticed Gastronok
 14969 | Orc:1    | Killed Gastronok
 14970 | Orc:1    | Reached skill level 3 in Dodging
 14994 | Orc:1    | Found Nodworei's Weapon Shoppe.
 15003 | Orc:1    | Found Wucobas's Whimsical Warehouse.
 15515 | Orc:2    | Entered Level 2 of the Orcish Mines
 15517 | Orc:2    | Found Tivynk's Armour Shoppe.
 15522 | Orc:2    | Reached skill level 4 in Dodging
 15532 | Orc:1    | Received a gift from Okawaru
 15557 | Orc:1    | Reached XP level 15. HP: 61/81 MP: 13/16
 15558 | Orc:1    | Reached skill level 5 in Dodging
 15622 | Orc:2    | Noticed Urug
 15634 | Orc:2    | Reached skill level 6 in Dodging
 15636 | Orc:2    | Reached skill level 11 in Fighting
 15642 | Orc:2    | Killed Urug
 15667 | Orc:2    | Found Jucwy's Armour Boutique.
 15706 | Orc:1    | Received a gift from Okawaru
 15716 | Orc:1    | Reached skill level 12 in Fighting
 15777 | Orc:2    | Found Bocav's Magic Scroll Emporium.
 15778 | Orc:2    | Found Cokhuy's Antique Weapon Emporium.
 15790 | Orc:2    | Bought a scroll of enchant weapon for 120 gold pieces
 15790 | Orc:2    | Bought a scroll of blinking for 120 gold pieces
 15943 | Orc:2    | Noticed Rupert
 15956 | Orc:2    | Killed Rupert
 16012 | Orc:2    | Found a staircase to the Elven Halls.
 16248 | Orc:2    | Bought a scroll of enchant armour for 120 gold pieces
 16249 | Orc:2    | Bought a scroll of identify for 32 gold pieces
 16249 | Orc:2    | Bought a scroll of identify for 32 gold pieces
 16249 | Orc:2    | Bought a scroll of revelation for 120 gold pieces
 16249 | Orc:2    | Bought a scroll of teleportation for 48 gold pieces
 16417 | D:13     | Received a gift from Okawaru
 16596 | D:13     | Reached skill level 7 in Dodging
 17098 | D:14     | T - the +11 crystal plate armour "Naogomuy" (worn) {rF+
                  | Str-2 Dex+7 Slay+3, rare=g}
 17154 | D:14     | You pick up a book of Cantrips and begin reading...
 17154 | D:14     | You add the spells Sting, Necrotise and Apportation to your
                  | library.
 17167 | D:14     | Found a gate to the Vaults.
 17186 | D:14     | Reached skill level 11 in Armour
 17187 | D:14     | Received a gift from Okawaru
 17515 | D:14     | Reached skill level 8 in Dodging
 17760 | D:15     | Entered Level 15 of the Dungeon
 17765 | D:15     | Found Zuullyuff's Jewellery Shop.
 17769 | D:15     | Reached XP level 16. HP: 88/88 MP: 17/17
 17799 | D:15     | Bought the ring of Ithrack {Will+ Slay+3 SInv} for 603 gold
                  | pieces
 17911 | D:15     | Received a gift from Okawaru
 17991 | D:15     | Noticed Josephine
 18004 | D:15     | Killed Josephine
 18276 | D:15     | Found a staircase to the Depths.
 18286 | D:15     | Reached skill level 9 in Dodging
 18691 | Lair:1   | Upgraded the game from 0.32-a0-5-gbffa963729 to
                  | 0.32-a0-12-g7fc57aa741
 18691 | Lair:1   | magus.rc [v1.9.6]
 18752 | Spider:1 | Entered Level 1 of the Spider Nest
 18881 | Spider:1 | Reached skill level 12 in Armour
 18916 | Spider:2 | Received a gift from Okawaru
 18960 | Spider:2 | HP: 12/88 [disintegration (37)]
 18961 | Spider:2 | Succumbed to a redback's poison

Vanquished Creatures
  Rupert (Orc:2)
  Gastronok (Orc:1)
  A very ugly thing (D:15)
  A minotaur (Gauntlet)
  A dire elephant (Gauntlet)
  Josephine (D:15)
  An entropy weaver (Spider:2)
  4 vault guards (D:14)
  Fannar (Lair:3)
  9 hydras
  A hell beast (Gauntlet)
  5 catoblepae
  4 centaur warriors
  4 ogre magi
  21 two-headed ogres
  Erica (Lair:2)
  4 boulder beetles
  3 tengu warriors
  11 death yaks
  Urug (Orc:2)
  2 skysharks
  Amaemon (Lair:3)
  A pharaoh ant (Spider:2)
  2 deep trolls
  4 steelbarb worms
  Pikel (D:6)
  A glowing orange brain (shapeshifter) (D:15)
  3 orc knights
  2 deep elf pyromancers
  3 wolf spiders
  2 orc sorcerers
  A salamander (shapeshifter) (D:14)
  4 manticores
  3 cyclopes
  3 ugly things
  2 black mambas (Lair:1)
  4 meliai
  A merfolk siren (Lair:2)
  5 elephants
  An orange demon (Lair:3)
  2 gargoyles
  Maggie (D:9)
  12 cane toads
  An efreet (D:14)
  A rime drake (shapeshifter) (D:13)
  4 rime drakes
  6 komodo dragons
  Psyche (D:9)
  A tengu conjurer (D:13)
  18 trolls
  2 polar bears
  3 tarantellas
  Prince Ribbit (D:6)
  3 dream sheep (D:7)
  13 blink frogs
  A centaur simulacrum (D:14)
  12 slime creatures
  A culicivora (Spider:2)
  2 jumping spiders (Spider:2)
  A wyvern (Lair:4)
  3 wargs
  4 shadows
  41 yaks
  6 wraiths
  9 vampire mosquitoes
  5 basilisks
  A steam dragon (D:9)
  A redback simulacrum (D:15)
  12 redbacks
  Edmund (D:4)
  2 acid dragons
  13 water moccasins
  Duvessa (D:7)
  A hell hound (Gauntlet)
  4 black bears
  17 orc warriors
  3 sky beasts
  5 laughing skulls
  18 wolves
  3 centaurs
  23 ogres
  4 lemures (D:6)
  6 kobold brigands
  12 bullfrogs
  5 scorpions
  Dowan (D:7)
  26 killer bees
  4 electric eels
  4 howler monkeys
  9 orc priests
  4 bombardier beetles
  8 hounds
  2 jellies
  2 iguanas
  4 gnoll boudas
  A sleepcap (D:4)
  5 hell rats (Lair:2)
  17 orc wizards
  18 gnolls
  13 adders
  4 river rats
  3 white imps
  4 ufetubi
  6 ribbon worms
  A dart slug (D:3)
  78 orcs
  7 endoplasms
  4 giant cockroaches
  8 goblins
  11 hobgoblins
  3 jackals (D:2)
  15 kobolds
  4 quokkas
  10 ball pythons
  6 bats
  2 frilled lizards
  15 rats
707 creatures vanquished.

Vanquished Creatures (others)
  An orc warrior (D:15)
  A howler monkey (D:13)
2 creatures vanquished.

Grand Total: 709 creatures vanquished

Table legend:
 A = Non-vault XP
 B = Vault XP
 C = Vault XP percentage of total XP
 D = Non-vault monster count
 E = Vault monster count
 F = Vault count percentage of total count
                 A         B        C        D         E       F
            +---------+---------+-------+---------+---------+-------
      Total |   94234 |   59625 |  38.8 |     517 |     187 |  26.6
            +---------+---------+-------+---------+---------+-------
        D:1 |      20 |       4 |  16.7 |      13 |       2 |  13.3
        D:2 |     108 |       0 |   0.0 |      30 |       0 |   0.0
        D:3 |     211 |       0 |   0.0 |      32 |       0 |   0.0
        D:4 |     542 |     204 |  27.3 |      30 |       9 |  23.1
        D:5 |     537 |       0 |   0.0 |      18 |       0 |   0.0
        D:6 |    1127 |     931 |  45.2 |      23 |       2 |   8.0
        D:7 |     937 |    1021 |  52.1 |      19 |       6 |  24.0
        D:8 |     463 |       0 |   0.0 |      17 |       0 |   0.0
        D:9 |    2514 |     717 |  22.2 |      29 |       2 |   6.5
       D:10 |    1670 |       0 |   0.0 |      16 |       0 |   0.0
       D:11 |    3097 |     821 |  21.0 |      17 |       8 |  32.0
       D:12 |    5179 |     959 |  15.6 |      15 |      18 |  54.5
       D:13 |   10755 |       0 |   0.0 |      29 |       0 |   0.0
       D:14 |    4821 |    7245 |  60.0 |      16 |      12 |  42.9
       D:15 |   12000 |    4550 |  27.5 |      28 |       9 |  24.3
     Lair:1 |    2900 |    1583 |  35.3 |      16 |       7 |  30.4
     Lair:2 |    3821 |    2101 |  35.5 |      15 |       8 |  34.8
     Lair:3 |    5565 |    2061 |  27.0 |      27 |       3 |  10.0
     Lair:4 |    8143 |    2013 |  19.8 |      17 |       6 |  26.1
     Lair:5 |   13015 |   10905 |  45.6 |      38 |      23 |  37.7
   Spider:1 |    3751 |       0 |   0.0 |      12 |       0 |   0.0
   Spider:2 |    4811 |       0 |   0.0 |      13 |       0 |   0.0
      Orc:1 |    5701 |    8391 |  59.5 |      40 |      18 |  31.0
      Orc:2 |    2546 |   10502 |  80.5 |       7 |      22 |  75.9
      Sewer |       0 |     400 | 100.0 |       0 |      24 | 100.0
   Gauntlet |       0 |    5217 | 100.0 |       0 |       8 | 100.0
            +---------+---------+-------+---------+---------+-------

Skill      XL: |  1  2  3  4  5  6  7  8  9 10 11 12 13 14 15 16 |
---------------+-------------------------------------------------+-----
Short Blades   | 2 3 |  3.8
Fighting       | 3 4 5 9 10 12 | 12.0
Long Blades    | 2 5 6 9 12 14 15 | 15.2
Armour         | 4 5 6 7 8 10 11 12 | 12.0
Shields        | 5 6 |  6.0
Evocations     | 4 8 |  8.0
Dodging        | 4 8 9 |  9.7

Action                     |  1- 3 |  4- 6 |  7- 9 | 10-12 | 13-15 | 16-18 || total
---------------------------+-------+-------+-------+-------+-------+-------++-------
  Melee: Rapier            |    80 |   120 |       |       |       |       ||   200
         Bite              |    23 |    53 |    93 |   220 |   343 |    76 ||   808
         Falchion          |       |    71 |   309 |   520 |     1 |       ||   901
         Demon blade       |       |       |       |       |   838 |   165 ||  1003
  Throw: Dart              |       |       |       |     5 |       |       ||     5
 Invoke: Heroism           |       |       |       |     1 |     2 |     1 ||     4
         Receive Weapon    |       |       |       |       |     1 |       ||     1
         Receive Armour    |       |       |       |       |     1 |       ||     1
         Finesse           |       |       |       |       |     1 |     1 ||     2
  Evoke: Wand              |       |     1 |       |     7 |       |       ||     8
         Condenser vane    |       |       |       |       |     1 |       ||     1
    Use: Scroll            |       |       |    10 |    10 |    13 |     3 ||    36
   Stab: Paralysed         |       |     2 |       |       |       |       ||     2
         Petrified         |       |       |       |       |     4 |       ||     4
         Petrifying        |       |       |       |       |     2 |       ||     2
 Armour: Scale mail        |    43 |    63 |       |       |       |       ||   106
         Quicksilver drago |       |    30 |    40 |       |       |       ||    70
         Crystal plate arm |       |       |    98 |   388 |   574 |    63 ||  1123
  Dodge: Dodged            |    27 |   159 |   144 |   153 |   413 |    68 ||   964
  Block: Buckler           |    18 |    43 |    70 |   176 |   306 |    59 ||   672

Illustrated notes

Table legend:
 A = Kills in this place as a percentage of kills in the entire game.
 B = Kills by you in this place as a percentage of kills by you in the entire game.
 C = Kills by friends in this place as a percentage of kills by friends in the entire game.
 D = Other kills in this place as a percentage of other kills in the entire game.
 E = Experience gained in this place as a percentage of experience gained in the entire game.
 F = Experience gained in this place divided by the number of levels of this place that you have seen.
                   A       B       C       D       E      F
               +-------+-------+-------+-------+-------+----------------------
         Total | 100.0 | 100.0 |   N/A | 100.0 | 100.0 | 5917.7
       Dungeon |  56.8 |  56.8 |   N/A | 100.0 |  39.3 | 4028.9
          Lair |  22.7 |  22.8 |   N/A |   0.0 |  33.9 | 10421.4
   Spider Nest |   3.6 |   3.6 |   N/A |   0.0 |   5.6 | 4281.0
  Orcish Mines |  12.4 |  12.4 |   N/A |   0.0 |  17.6 | 13570.0
         Sewer |   3.4 |   3.4 |   N/A |   0.0 |   0.3 | 400.0
      Gauntlet |   1.1 |   1.1 |   N/A |   0.0 |   3.4 | 5217.0
               +-------+-------+-------+-------+-------+----------------------

Table legend: (Time is in decaauts)
 A = Elapsed time spent in this place.
 B = Non-inter-level travel time spent in this place.
 C = Inter-level travel time spent in this place.
 D = Time resting spent in this place.
 E = Time spent auto-exploring this place.
 F = Levels seen in this place.
 G = Mean time per level.
                   A        B        C        D        E       F      G
               +--------+--------+--------+--------+--------+-----+--------+
         Total |  18582 |  17502 |   1080 |    256 |  13537 |  26 |  714.7 |
       Dungeon |  11645 |  10999 |    646 |     71 |   8873 |  15 |  776.3 |
          Lair |   4531 |   4173 |    358 |     37 |   3423 |   5 |  906.2 |
   Spider Nest |    174 |    174 |      0 |    100 |      9 |   2 |   87.0 |
  Orcish Mines |   1289 |   1214 |     75 |     48 |    877 |   2 |  644.5 |
         Sewer |    481 |    481 |      0 |      0 |    210 |   1 |  481.0 |
      Gauntlet |    461 |    461 |      0 |      0 |    145 |   1 |  461.0 |
               +--------+--------+--------+--------+--------+-----+--------+

Top non-repeatable levels by time:
  Lair:5: 1106 daAuts
     D:6: 1080 daAuts
    D:11: 1038 daAuts
  Lair:3: 1017 daAuts
     D:7: 936 daAuts
     D:3: 912 daAuts
  Lair:4: 859 daAuts
     D:4: 851 daAuts
    D:15: 807 daAuts
  Lair:1: 793 daAuts
  Lair:2: 754 daAuts
    D:12: 732 daAuts
     D:9: 728 daAuts
    D:14: 718 daAuts
    D:13: 717 daAuts
